 Dungeon Crawl Stone Soup version 0.30-a0-989-g0d87f670db (webtiles) character file.

Game seed: 13467008011811009076

111 HoaS the Shooter (level 5, -4/38 HPs)
             Began as a Formicid Hunter on Apr 3, 2023.
             Slain by an acid dragon (8 damage)
             ... on level 8 of the Dungeon.
             The game lasted 00:03:59 (2004 turns).

HoaS the Shooter (Formicid Hunter)                  Turns: 2004, Time: 00:04:00

Health: -4/38      AC:  1    Str: 16    XL:     5   Next: 15%
Magic:  5/5        EV: 12    Int:  8    God:
Gold:   82         SH:  0    Dex: 19    Spells: 4/4 levels left

rFire   . . .      SeeInvis +    a - +0 shortbow
rCold   . . .      Faith    .    (no shield)
rNeg    + . .      Spirit   .    c - +1 leather armour
rPois   .          Reflect  .    (helmet unavailable)
rElec   .          Rampage  .    (no cloak)
rCorr   .                        g - +0 pair of gloves
Will    .....                    (no boots)
Stlth   ++                       (no amulet)
HPRegen 0.26/turn                i - ring of positive energy
MPRegen 0.09/turn                (no ring)

@: corroded
A: permanent stasis, dig shafts and tunnels, antennae 3, four strong arms
a: Dig, Shaft Self


You were on level 8 of the Dungeon.
You visited 1 branch of the dungeon, and saw 6 of its levels.

You collected 82 gold pieces.

Inventory:

Hand Weapons
 a - a +0 shortbow (weapon)
Armour
 c - a +1 leather armour (worn)
 g - a +0 pair of gloves (worn)
Jewellery
 i - a ring of positive energy (left hand)
Scrolls
 b - 2 scrolls of immolation
 d - a scroll of vulnerability {unknown}
 f - a scroll of summoning
Potions
 e - a potion of cancellation
 h - 2 potions of mutation
 k - a potion of curing {unknown}


   Skills:
 - Level 2.1 Fighting
 + Level 6.1 Ranged Weapons
 - Level 1.7 Dodging
 - Level 1.2 Stealth


You had 4 spell levels left.
You didn't know any spells.
Your spell library contained the following spells:

 Spells                   Type           Power      Damage    Failure   Level
 Sting                    Tmut/Pois      0%         1d3       47%         1
 Poisonous Vapours        Pois/Air       0%         N/A       63%         2
 Portal Projectile        Hex/Tloc       0%         N/A       85%         3
 Tukima's Dance           Hex            0%         N/A       85%         3
 Vhi's Electric Charge    Tloc/Air       0%         N/A       85%         3
 Olgreb's Toxic Radiance  Pois           0%         N/A       99%         4
 Arcjolt                  Conj/Air       0%         1d10      100%        5
 Blade Hands              Tmut           0%         N/A       100%        5
 Maxwell's Capacitive Co  Air            0%         ∞         100%        8


Dungeon Overview and Level Annotations

Branches:
Dungeon (9/15)
 Temple: D:4-7         Lair: D:8-11         Orc: D:9-12

Altars:

Annotations:
D:3 Grinder


Innate Abilities, Weirdness & Mutations

You cannot be hasted, slowed, berserked, paralysed or teleported.
You can dig through walls and to a lower floor.
You have a pair of large antennae on your head. (SInv)
Your four strong arms can wield two-handed weapons with a shield.


Message History

The shaft crumbles and collapses.
Found a scroll of poison.
You start resting.
HP restored.
Found a stone staircase leading down.
You now have 82 gold pieces (gained 20).
Found a stone staircase leading down.
Found 11 gold pieces.
i - a ring of positive energy
i - a ring of positive energy (left hand)
A centaur and an acid dragon come into view.
Found a stone staircase leading up.
The centaur shouts!
Found 7 stones.
The centaur wields a +0 shortbow.
The centaur shoots an arrow.
The arrow misses you.
The acid dragon roars!
The centaur shoots an arrow.
The arrow barely misses you. The acid dragon spits acid at you.
The splash of acid hits you.
The centaur shoots an arrow.
The arrow hits you but does no damage.
Found a robe.
The centaur shoots an arrow.
The arrow barely misses you.
The centaur shoots an arrow.
The arrow hits you! The acid dragon misses you.
The acid dragon completely misses you.
There is a stone staircase leading up here.
The acid dragon barely misses you. The acid dragon claws you.
The centaur unwields a +0 shortbow.
The centaur hits you. The centaur kicks you.
You climb upwards.
Found 21 gold pieces and a runed gold wand.
There is a stone staircase leading down here.
You shoot an arrow.
The arrow hits the acid dragon but does no damage.
The acid dragon spits acid at you. The splash of acid hits you!!
* * * LOW HITPOINT WARNING * * *
The acid corrodes you!
You shoot an arrow.
The arrow hits the acid dragon but does no damage.
The acid dragon bites you!
You die...

~~≈≈≈≈ ♣~≈≈≈~~
.....$. P~~~~~P
~~P~~~~
##.~~~~~~
#.#####...~♣P~~
#......@.$/P♣
#####.D.....♣
##......#
##...#.# ##.##
# ##


You could see an acid dragon (catching breath).

Vanquished Creatures
  An orc wizard (D:6)
  2 adders (D:2)
  2 dart slugs (D:1)
  2 orcs (D:6)
  6 endoplasms
  A giant cockroach (D:1)
  6 hobgoblins
  6 jackals (D:1)
  6 quokkas
  2 ball pythons (D:2)
  6 bats
  3 frilled lizards
  2 goblins (D:1)
  5 kobolds
  5 rats
55 creatures vanquished.

Notes
Turn   | Place    | Note
-------+----------+-------------------------------------------
     0 | D:1      | HoaS the Formicid Hunter began the quest for the Orb.
     0 | D:1      | Reached XP level 1. HP: 16/16 MP: 1/1
    86 | D:1      | Reached XP level 2. HP: 22/22 MP: 2/2
   194 | D:1      | Reached XP level 3. HP: 26/27 MP: 3/3
   349 | D:1      | Reached skill level 5 in Ranged Weapons
   989 | D:2      | Reached XP level 4. HP: 24/33 MP: 4/4
  1734 | D:3      | Noticed Grinder
  1738 | D:3      | You fall into a shaft and drop 3 floors!
  1828 | D:6      | Reached skill level 6 in Ranged Weapons
  1828 | D:6      | Reached XP level 5. HP: 31/38 MP: 5/5
  1864 | D:6      | Noticed a steam dragon
  1867 | D:6      | Noticed a water moccasin
  1871 | D:6      | You fall into a shaft and drop 3 floors!
  1988 | D:9      | Noticed a centaur
  1988 | D:9      | Noticed an acid dragon
  2004 | D:8      | Slain by an acid dragon

Illustrated notes

Levels and vault maps discovered:
D:1:      dpeg_arrival_shelter, layout_loops_ring, kennysheep_another_room
D:2:      layout_loops_corners, chequers_serial_rivers_marsh
D:3:      layout_rooms, serial_shops, shop, uniq_grinder
D:6:      layout_rooms, nicolae_overflow_hidden_temple, serial_shops,
          nicolae_shop_trees
D:8:      layout_loops_corners, overflow_temple_1_default,
          grunt_lair_entry_orc_guard_hut, serial_bayou, serial_bayou_pond_a,
          serial_bayou_lake_a, serial_bayou_crossing, serial_bayou_pond_c,
          serial_bayou_lagoon_b, serial_bayou_pond_d
D:9:      layout_cave_pools, nicolae_gozag_cash_rules_everything_around_me,
          minmay_misc_feat_encased, minmay_fractal_squares_gapless_7

Skill      XL: |  1  2  3  4 |
---------------+-------------+-----
Ranged Weapons | 5 6 |  6.1
Fighting       | |  2.1
Dodging        | |  1.7
Stealth        | |  1.2

Action                     |  1- 3 |  4- 6 || total
---------------------------+-------+-------++-------
   Fire: Shortbow          |    84 |    52 ||   136
Ability: Shaft Self        |       |     2 ||     2
    Use: Scroll            |     4 |     5 ||     9
 Armour: Leather armour    |     8 |     3 ||    11
  Dodge: Dodged            |    23 |    13 ||    36

Table legend: (Time is in decaauts)
 A = Elapsed time spent in this place.
 B = Non-inter-level travel time spent in this place.
 C = Inter-level travel time spent in this place.
 D = Time resting spent in this place.
 E = Time spent auto-exploring this place.
 F = Levels seen in this place.
 G = Mean time per level.
                   A        B        C        D        E       F      G
               +--------+--------+--------+--------+--------+-----+--------+
         Total |   2041 |   1992 |     49 |    261 |   1377 |   6 |  340.2 |
       Dungeon |   2041 |   1992 |     49 |    261 |   1377 |   6 |  340.2 |
               +--------+--------+--------+--------+--------+-----+--------+

Top non-repeatable levels by time:
     D:2: 964 daAuts
     D:1: 695 daAuts
     D:6: 136 daAuts
     D:9: 130 daAuts
     D:3: 111 daAuts
     D:8: 2 daAuts
